 Dungeon Crawl Stone Soup version 0.23-a0-300-g6719eeacba (webtiles) character file.

1081 MirrMurr the Poker (level 8, -4/55 HPs)
             Began as an Octopode Berserker on Oct 7, 2018.
             Was a Priest of Trog.
             Slain by a centaur (9 damage)
             ... on level 5 of the Dungeon.
             The game lasted 00:12:45 (3248 turns).

MirrMurr the Poker (Octopode Berserker)             Turns: 3248, Time: 00:12:45

Health: -4/55      AC:  1    Str: 16    XL:     8   Next: 29%
Magic:  8/8        EV: 16    Int:  9    God:    Trog [***...]
Gold:   245        SH:  0    Dex: 14    Spells: 7/7 levels left

rFire    . . .     SeeInvis +   a - +0 trident
rCold    . . .     Gourm    .   (no shield)
rNeg     . . .     Faith    .   (helmet restricted)
rPois    .         Spirit   .   (no amulet)
rElec    .         Reflect  .   n - ring of see invisible
rCorr    .         Harm     .   (no ring)
MR       .....                  (no ring)
Stlth    ++++......             (no ring)
HPRegen  0.18/turn              (no ring)
MPRegen  0.11/turn              (no ring)
                                (no ring)
                                (no ring)

@: no status effects
A: almost no armour, stealthy swim, amphibious, 8 rings, constrict 8, camouflage
1, gelatinous body 1
a: Berserk, Trog's Hand, Renounce Religion


You were on level 5 of the Dungeon.
You worshipped Trog.
Trog was most pleased with you.
You were not hungry.

You visited 1 branch of the dungeon, and saw 5 of its levels.

You collected 245 gold pieces.

Inventory:

Hand Weapons
 a - a +0 trident (weapon)
 b - a +0 hunting sling
Missiles
 c - 60 stones (quivered)
 e - 12 sling bullets
 g - 7 needles of paralysis
Jewellery
 n - a ring of see invisible (left tentacle)
Wands
 j - a wand of paralysis (6)
 p - a wand of random effects (25)
Scrolls
 r - a scroll of remove curse
Potions
 d - 5 potions of lignification
 h - 2 potions of flight {unknown}
 k - a potion of haste {unknown}
 l - 2 potions of curing
 m - a potion of cancellation {unknown}
 o - a potion of brilliance {unknown}
Comestibles
 f - 9 chunks of flesh
 i - 11 rations


   Skills:
 + Level 5.1 Fighting
 * Level 6.7 Polearms
 + Level 5.1 Dodging
 + Level 5.8 Stealth


You had 7 spell levels left.
You didn't know any spells.
Your spell library was empty.

Dungeon Overview and Level Annotations

Branches:
Dungeon (5/15)
 Temple: D:4-7

Altars:
Ashenzari
Gozag
Okawaru
Qazlal
Sif Muna
Uskayaw


Innate Abilities, Weirdness & Mutations

You cannot wear most types of armour.
You are very stealthy in the water. (Stealth+)
You are amphibious.
You can wear up to eight rings at the same time.
You can use your tentacles to constrict eight enemies at once.
Your skin changes colour to match your surroundings (Stealth+).
Your rubbery body absorbs attacks. (AC +1, EV +1)


Message History

You are too injured to fight recklessly!
You are too injured to fight recklessly!
The centaur shoots an arrow.
The arrow misses you.
There is a stone staircase leading up, spattered with blood here.
You see here 5 arrows.
The centaur unwields an uncursed shortbow.
The centaur hits you.
* * * LOW HITPOINT WARNING * * *
You barely miss the centaur. The centaur closely misses you.
The centaur hits you.
* * * LOW HITPOINT WARNING * * *
You hit the centaur. Your squeeze misses the centaur.
The centaur is moderately wounded.
The centaur closely misses you.
You closely miss the centaur.
The centaur is moderately wounded.
The centaur hits you!
* * * LOW HITPOINT WARNING * * *
The centaur hits you!
You die...

### .. ..# ...
..##... ....... .....
..... ... .....
######.# ....
##..#<@c# ...
#...(#........ .#
#####...#........ .
#####..##..##.(######
###.....=.##..##.(#
..#...............#
.#######......>...#
.##...###'##..###.#
รท.)...##..###+### #


You could see a centaur.

Vanquished Creatures
  Grinder (D:4)
  Edmund (D:4)
  Duvessa (D:4)
  A sky beast (D:5)
  A necrophage (D:5)
  A centaur (D:5)
  Dowan (D:4)
  A hound (D:3)
  An orc priest (D:4)
  Crazy Yiuf (D:4)
  A centaur skeleton (D:4)
  2 worker ants (D:4)
  Robin (D:4)
  6 adders
  3 river rats (D:4)
  2 oozes (D:3)
  An adder skeleton (D:5)
  A dart slug (D:2)
  A worm (D:2)
  3 leopard geckos
  7 orcs
  3 ball pythons
  7 giant cockroaches
  18 goblins
  12 hobgoblins
  2 jackals (D:3)
  7 kobolds
  2 quokkas
  2 bats
  6 frilled lizards
  11 rats
108 creatures vanquished.

Notes
Turn   | Place    | Note
-------+----------+-------------------------------------------
     0 | D:1      | MirrMurr the Octopode Berserker began the quest for the
                  | Orb.
     0 | D:1      | Reached XP level 1. HP: 16/16 MP: 1/1
   246 | D:1      | Reached XP level 2. HP: 21/21 MP: 2/2
   290 | D:1      | Reached skill level 1 in Stealth
   871 | D:2      | Reached XP level 3. HP: 26/26 MP: 3/3
   940 | D:2      | Reached ** piety under Trog
  1052 | D:2      | Found a deep blue altar of Sif Muna.
  1128 | D:2      | Found a faded altar of an unknown god.
  1162 | D:2      | Found a shattered altar of Ashenzari.
  1162 | D:2      | Found an opulent altar of Gozag.
  1174 | D:2      | Reached XP level 4. HP: 31/31 MP: 4/4
  1281 | D:2      | Found an iron altar of Okawaru.
  1416 | D:3      | Found a stormy altar of Qazlal.
  1593 | D:3      | Reached skill level 4 in Polearms
  1613 | D:3      | Reached XP level 5. HP: 30/36 MP: 5/5
  1976 | D:4      | Noticed Duvessa
  1976 | D:4      | Noticed Dowan
  1990 | D:4      | Killed Duvessa
  1990 | D:4      | Reached XP level 6. HP: 43/43 MP: 6/6
  2075 | D:4      | Killed Dowan
  2075 | D:4      | Reached skill level 5 in Polearms
  2151 | D:4      | Found a runed door.
  2181 | D:4      | Noticed Edmund
  2182 | D:4      | Noticed Grinder
  2190 | D:4      | Killed Edmund
  2190 | D:4      | Reached XP level 7. HP: 18/49 MP: 7/7
  2195 | D:4      | Killed Grinder
  2546 | D:4      | Noticed Robin
  2550 | D:4      | Reached skill level 6 in Polearms
  2552 | D:4      | Reached skill level 5 in Stealth
  2561 | D:4      | Reached *** piety under Trog
  2568 | D:4      | Killed Robin
  2836 | D:4      | Noticed Crazy Yiuf
  2841 | D:4      | Killed Crazy Yiuf
  2990 | D:5      | Entered Level 5 of the Dungeon
  3008 | D:5      | Found a hide-covered altar of Uskayaw.
  3016 | D:5      | Reached XP level 8. HP: 42/54 MP: 8/8
  3056 | D:5      | Reached skill level 5 in Fighting
  3056 | D:5      | Reached skill level 5 in Dodging
  3248 | D:5      | Slain by a centaur

Vault maps used:
D:1:      tarquinn_simple_flora_water_a
D:2:      kennysheep_okawaru_gauntlet, lemuel_crystal_altar,
          grunt_temple_overflow_open, chequers_ecumenical_altar_grove
D:3:      nicolae_qazlal_eye_of_the_storm
D:4:      portal_sewer_entry_e, uniq_duvessa, uniq_grinder, uniq_edmund,
          uniq_crazy_yiuf_cottage, uniq_robin
D:5:      overflow_temple_1_default, minmay_temple_entry_large_hall,
          first_ration

Skill      XL: |  1  2  3  4  5  6  7  8 |
---------------+-------------------------+-----
Stealth        | 1 2 3 4 5 |  5.8
Polearms       | 4 5 6 |  6.7
Fighting       | 4 5 |  5.1
Dodging        | 4 5 |  5.1

Action                   |  1- 3 |  4- 6 |  7- 9 || total
-------------------------+-------+-------+-------++-------
Melee: Spear             |    96 |    93 |    37 ||   226
       Constrict         |    19 |    20 |    14 ||    53
       Tentacles         |    11 |    15 |    20 ||    46
       Trident           |       |       |    42 ||    42
 Fire: Hunting sling     |       |       |    11 ||    11
Invok: Berserk           |       |     4 |     2 ||     6
       Trog's Hand       |       |     1 |       ||     1
  Use: Scroll            |     1 |     4 |     2 ||     7
 Stab: Sleeping          |    14 |     8 |     5 ||    27
       Distracted        |     1 |       |       ||     1
  Eat: Chunk             |     1 |     6 |     6 ||    13
Armor: Skin              |       |     4 |     5 ||     9
Dodge: Dodged            |    29 |    45 |    36 ||   110

Table legend:
 A = Non-vault XP
 B = Vault XP
 C = Vault XP percentage of total XP
 D = Non-vault monster count
 E = Vault monster count
 F = Vault count percentage of total count
                 A         B        C        D         E       F
            +---------+---------+-------+---------+---------+-------
      Total |     770 |     775 |  50.2 |      82 |      26 |  24.1
            +---------+---------+-------+---------+---------+-------
        D:1 |      28 |       0 |   0.0 |      18 |       0 |   0.0
        D:2 |      57 |       4 |   6.6 |      26 |       2 |   7.1
        D:3 |      85 |       0 |   0.0 |      17 |       0 |   0.0
        D:4 |     209 |     771 |  78.7 |      14 |      24 |  63.2
        D:5 |     391 |       0 |   0.0 |       7 |       0 |   0.0
            +---------+---------+-------+---------+---------+-------
